 Dungeon Crawl Stone Soup version 0.31-a0-1074-g0b22e4e0f1 (webtiles) character file.

Game seed: 16725829440120034861

1657 Pooter the Cleaver (level 8, -7/73 HPs)
             Began as a Minotaur Monk on Dec 6, 2023.
             Was a Believer of Elyvilon.
             Mangled by an ogre
             ... wielding a +0 giant club
              (21 damage)
             ... on level 5 of the Dungeon.
             The game lasted 00:25:16 (4402 turns).

Pooter the Cleaver (Minotaur Monk)                  Turns: 4402, Time: 00:25:17

Health: -7/73      AC: 21    Str: 18    XL:     8   Next: 68%
Magic:  7/7        EV:  6    Int:  7    God:    Elyvilon [**....]
Gold:   153        SH:  0    Dex: 17    Spells: 7/7 levels left

rFire   + . .        a - +0 morningstar
rCold   . . .        (no shield)
rNeg    + . .        u - +9 plate armour "Tisebe" {Dex+4 SInv}
rPois   .            (helmet restricted)
rElec   .            (no cloak)
rCorr   .            (no gloves)
SInv    +            o - +1 pair of boots
Will    .....        (no amulet) Stlth
                     F - ring of protection from fire
HPRegen 0.32/turn    N - ring of positive energy
MPRegen 0.10/turn

%: no passive effects
@: confused
A: horns 2, retaliatory headbutt
a: Renounce Religion, Purification, Heal Other


You were on level 5 of the Dungeon.
You worshipped Elyvilon.
Elyvilon was pleased with you.
You visited 2 branches of the dungeon, and saw 7 of its levels.
You also visited: Ossuary.

You collected 153 gold pieces.

Inventory:

Hand Weapons
 a - a +0 morningstar (weapon)
   (You found it on level 6 of the Dungeon)
 b - a +0 shortbow
   (You took it off a centaur on level 4 of the Dungeon)
 e - a +2 falchion of flaming
   (You took it off Eustachio on level 4 of the Dungeon)
 n - a +0 sling
   (You found it on level 1 of the Dungeon)
 w - a +1 hand axe
Missiles
 j - 10 javelins (quivered)
 Q - 37 stones
Armour
 d - an orb of light
 o - a +1 pair of boots (worn)
   (You found it on level 2 of the Dungeon)
 u - the +9 plate armour "Tisebe" (worn) {Dex+4 SInv}
   (You found it in an ossuary)

   Dex+4:     It affects your dexterity (+4).
   SInv:      It lets you see invisible.
Jewellery
 F - a ring of protection from fire (left hand)
   (You found it on level 4 of the Dungeon)
 N - a ring of positive energy (right hand)
   (You found it on level 6 of the Dungeon)
Wands
 f - a wand of flame (31)
   (You found it on level 2 of the Dungeon)
Scrolls
 h - 5 scrolls of enchant armour
 l - 2 scrolls of fog
 p - a scroll of blinking
 q - a scroll of noise {unknown}
 t - 4 scrolls of teleportation {@r4}
 v - a scroll of immolation {!r}
Potions
 g - 2 potions of heal wounds {unknown}
 i - a potion of degeneration {unknown}
 k - 3 potions of attraction {!q}
 m - a potion of enlightenment {unknown}
 r - a potion of cancellation {unknown}
 s - a potion of invisibility {unknown}


   Skills:
 + Level 7.0 Fighting
 * Level 9.3 Axes
 * Level 7.3 Ranged Weapons
 - Level 3.2 Dodging


You had 7 spell levels left.
You didn't know any spells.
Your spell library contained the following spells:

 Spells                   Type           Power      Damage    Failure   Level
 Necrotise                Necr           0%         1d4       100%        1
 Shock                    Conj/Air       0%         1d3       100%        1
 Cigotuvi's Dreadful Rot  Necr/Pois/Air  0%         N/A       100%        2
 Ignite Poison            Fire/Tmut/Pois 0%         N/A       100%        3
 Inner Flame              Hex/Fire       0%         N/A       100%        3
 Swiftness                Air            0%         N/A       100%        3
 Tukima's Dance           Hex            0%         N/A       100%        3
 Vampiric Draining        Necr           0%         2d6       100%        3
 Airstrike                Air            0%         2d(0-16)  100%        4
 Manifold Assault         Tloc           0%         N/A       100%        4
 Passage of Golubria      Tloc           0%         N/A       100%        4
 Agony                    Necr           0%         N/A       100%        5
 Freezing Cloud           Conj/Ice/Air   0%         6-21      100%        5
 Yara's Violent Unravell  Hex/Tmut       0%         3d3       100%        5
 Dispersal                Tloc           0%         N/A       100%        6
 Enfeeble                 Hex            0%         N/A       100%        7
 Disjunction              Tloc           0%         N/A       100%        8


Dungeon Overview and Level Annotations

Branches:
Dungeon (6/15) Zot: 26964  Temple (1/1) D:6 Zot: 5998 Ossuary (visited)

Altars:
Dithmenos
Elyvilon
Qazlal
Vehumet

Annotations:
D:4 2 runed translucent doors
D:6 1 runed translucent door, drugrobin's ghost, novice DgDe


Innate Abilities, Weirdness & Mutations

You have a pair of horns on your head.
You reflexively headbutt those who attack you in melee.


Message History

You headbutt the orc wizard! The ogre closely misses you.
Okay, then.
You hit the orc wizard.
You headbutt the orc wizard, but do no damage.
The orc wizard hits you but does no damage.
You hit the orc wizard.
The orc wizard hits you but does no damage.
The ogre hits you with a +0 giant club.
The orc wizard hits you but does no damage.
You hit the orc wizard but do no damage.
You headbutt the orc wizard.
You kill the orc wizard!
The orc wizard mumbles some strange words.
The orc wizard flickers and vanishes for a moment.
The ogre hits you with a +0 giant club!!
* * * LOW HITPOINT WARNING * * *
The orc wizard hits you but does no damage. x2
You completely miss the ogre.
The orc wizard hits you but does no damage.
The orc wizard casts a spell at you.
You are confused.
The ogre hits you with a +0 giant club!!
* * * LOW HITPOINT WARNING * * *
You sock the orc wizard! You headbutt the orc wizard.
The orc wizard closely misses you. The orc wizard completely misses you.
The ogre hits you with a +0 giant club! Elyvilon protects you from harm!
You hit the ogre.
The orc wizard hits you but does no damage. x2
Unknown command.
You barely miss the ogre. Your headbutt misses the ogre.
The orc wizard hits you but does no damage. x2
The ogre hits you but does no damage.
You are more confused.
You feel invigorated.
The orc wizard hits you but does no damage. x2
The ogre hits you but does no damage.
You barely miss the ogre. The orc wizard barely misses you. x2
The orc wizard hits you but does no damage.
The orc wizard hits you with a +0 dagger.
* * * LOW HITPOINT WARNING * * *
The ogre hits you with a +0 giant club.
* * * LOW HITPOINT WARNING * * *
You sock the ogre! You headbutt the ogre!
The orc wizard hits you but does no damage.
The orc wizard closely misses you.
Unknown command.
You're too confused to move!
You feel less invigorated.
The ogre hits you with a +0 giant club!!
You die...

... .. #.. .
#.#.# ##.#. ...
.##.###.# #
.......># .#
.##.###.###).##..
........o@O...)).
..........o.)....
###.##..##.####..
# #..# .# #..# .#
#..# .# .... ..
..... ..


You could see an ogre and 2 orc wizards.

Vanquished Creatures
  Prince Ribbit (D:6)
  Eustachio (D:4)
  A wyvern (D:6)
  Menkaure (D:6)
  A water moccasin (D:6)
  A sky beast (D:6)
  A centaur (D:4)
  2 ogres
  A phantom (D:6)
  A bullfrog (D:6)
  A scorpion (D:6)
  3 water moccasin zombies (Ossuary)
  2 orc priests (D:6)
  2 orc wizards
  2 mummies (Ossuary)
  4 adders
  4 adder zombies (Ossuary)
  2 dart slugs
  6 orcs
  8 ball pythons
  9 endoplasms
  3 giant cockroaches
  2 gnoll zombies (Ossuary)
  6 goblins
  5 hobgoblins
  4 jackals (D:1)
  2 kobolds
  3 quokkas
  3 bats
  A frilled lizard (D:1)
  3 hobgoblin zombies (Ossuary)
  5 kobold zombies (Ossuary)
  7 orc zombies (Ossuary)
  8 rats
106 creatures vanquished.

Notes
Turn   | Place    | Note
-------+----------+-------------------------------------------
     0 | D:1      | Pooter the Minotaur Monk began the quest for the Orb.
     0 | D:1      | Reached XP level 1. HP: 19/19 MP: 0/0
   141 | D:1      | Reached skill level 4 in Axes
   185 | D:1      | Reached XP level 2. HP: 19/27 MP: 1/1
   699 | D:1      | Found a faded altar of an unknown god.
   959 | D:1      | Reached XP level 3. HP: 33/33 MP: 2/2
  1133 | D:2      | Reached skill level 1 in Ranged Weapons
  1623 | D:2      | Reached skill level 5 in Axes
  1623 | D:2      | Reached XP level 4. HP: 41/41 MP: 3/3
  2400 | D:4      | Found a sand-covered staircase.
  2403 | Ossuary  | Entered an ossuary
  2462 | Ossuary  | Reached XP level 5. HP: 41/47 MP: 4/4
  2497 | Ossuary  | Reached skill level 6 in Axes
  2497 | Ossuary  | Reached XP level 6. HP: 41/55 MP: 5/5
  2578 | Ossuary  | Reached skill level 5 in Fighting
  2696 | Ossuary  | Identified the +9 plate armour "Tisebe" {Dex+4 SInv}
  2760 | D:4      | Noticed Eustachio
  2770 | D:4      | Killed Eustachio
  2810 | D:4      | Found a radiant altar of Vehumet.
  2894 | D:4      | Reached skill level 7 in Axes
  2894 | D:4      | Reached XP level 7. HP: 26/61 MP: 6/6
  3111 | D:4      | Found a large runed translucent door.
  3111 | D:4      | Found a large runed translucent door.
  3204 | D:4      | You fall into a shaft and drop 2 floors!
  3217 | D:6      | Found a runed translucent door.
  3223 | D:6      | Noticed drugrobin's ghost (novice DgDe)
  3252 | D:6      | Reached skill level 5 in Ranged Weapons
  3593 | D:6      | Found a white marble altar of Elyvilon.
  3598 | D:6      | Became a worshipper of Elyvilon the Healer
  3598 | D:6      | Reached * piety under Elyvilon
  3598 | D:6      | Reached ** piety under Elyvilon
  3647 | D:6      | Found a stormy altar of Qazlal.
  3708 | D:6      | Noticed a wyvern
  3717 | D:6      | Killed a wyvern
  3718 | D:6      | Reached skill level 8 in Axes
  3722 | D:6      | Reached XP level 8. HP: 49/70 MP: 7/7
  3834 | D:6      | Noticed Prince Ribbit
  3841 | D:6      | Killed Prince Ribbit
  3960 | D:6      | Found a staircase to the Ecumenical Temple.
  3969 | Temple   | Entered the Ecumenical Temple
  4014 | D:6      | Noticed Menkaure
  4027 | D:6      | Killed Menkaure
  4028 | D:6      | Reached skill level 9 in Axes
  4374 | D:5      | Entered Level 5 of the Dungeon
  4395 | D:5      | HP: 3/73 [ogre/+0 giant club (23)]
  4396 | D:5      | Elyvilon protects you from harm!
  4402 | D:5      | Mangled by an ogre

Illustrated notes

Levels and vault maps discovered:
D:1:      lemuel_arrival_muddy, layout_loops_corners,
          dilly_ecumenical_altar_fadedgnrine
D:2:      layout_basic
D:3:      layout_rooms, serial_curves, eino_curves_03, eino_curves_04,
          serial_park_tiny_pond
D:4:      layout_loops_ring, nicolae_overflow_hidden_temple,
          nicolae_ru_great_annihilating_truth, vehumet_altar_wand_db,
          lightli_ossuary_entry_decrepit_ruins, minmay_hollow_rounded_squares,
          uniq_eustachio
D:5:      layout_basic, nicolae_hepliaklqana_hippocampus,
          evilmike_ruin_ashenzari
D:6:      layout_basic, nicolae_elyvilon_peaceful_grove,
          nicolae_qazlal_beasts_of_the_sky, minmay_temple_entry_mist,
          ebering_ghost_sewer_d, grunt_decor_fettered,
          chequers_serial_rivers_micro_a, uniq_menkaure, uniq_prince_ribbit1
Temple:   ebering_the_one_and_only

Skill      XL: |  1  2  3  4  5  6  7  8 |
---------------+-------------------------+-----
Axes           | 4 5 6 7 8 9 |  9.3
Fighting       | 4 5 6 7 |  7.0
Ranged Weapons | 1 2 3 4 6 7 |  7.3
Dodging        | |  3.2

Action                     |  1- 3 |  4- 6 |  7- 9 || total
---------------------------+-------+-------+-------++-------
  Melee: Hand axe          |    60 |    88 |    30 ||   178
         Headbutt          |     9 |    31 |    23 ||    63
         Morningstar       |       |       |    42 ||    42
         Punch             |       |       |     2 ||     2
   Fire: Sling             |    37 |    40 |       ||    77
         Shortbow          |       |       |    14 ||    14
  Throw: Javelin           |     1 |       |     2 ||     3
  Evoke: Wand              |       |       |    11 ||    11
    Use: Scroll            |       |     8 |     2 ||    10
         Potion            |       |     2 |     2 ||     4
 Armour: Robe              |    14 |       |       ||    14
         Ring mail         |    16 |    36 |       ||    52
         Plate armour      |       |    11 |    94 ||   105
  Dodge: Dodged            |    30 |    37 |    33 ||   100

Table legend: (Time is in decaauts)
 A = Elapsed time spent in this place.
 B = Non-inter-level travel time spent in this place.
 C = Inter-level travel time spent in this place.
 D = Time resting spent in this place.
 E = Time spent auto-exploring this place.
 F = Levels seen in this place.
 G = Mean time per level.
                   A        B        C        D        E       F      G
               +--------+--------+--------+--------+--------+-----+--------+
         Total |   4405 |   4328 |     77 |   1335 |   1904 |   8 |  550.6 |
       Dungeon |   4088 |   4011 |     77 |   1213 |   1896 |   6 |  681.3 |
        Temple |      1 |      1 |      0 |      0 |      0 |   1 |    1.0 |
       Ossuary |    315 |    315 |      0 |    122 |      8 |   1 |  315.0 |
               +--------+--------+--------+--------+--------+-----+--------+

Top non-repeatable levels by time:
     D:6: 1155 daAuts
     D:1: 1132 daAuts
     D:2: 791 daAuts
     D:4: 494 daAuts
     D:3: 480 daAuts
 Ossuary: 315 daAuts
     D:5: 34 daAuts
  Temple: 1 daAuts
